 Dungeon Crawl Stone Soup version 0.31-a0-240-gb923e448b6 (webtiles) character file.

Game seed: 14514315592165071991

119 qw the Shooter (level 4, -13/36 HPs)
             Began as a Minotaur Hexslinger on July 12, 2023.
             Mangled by an ogre
             ... wielding a +0 giant club
              (22 damage)
             ... on level 3 of the Dungeon.
             The game lasted 00:00:56 (2192 turns).

qw the Shooter (Minotaur Hexslinger)                Turns: 2192, Time: 00:00:56

Health: -13/36     AC:  6    Str: 13      XL:     4   Next: 74%
Magic:  4/4        EV: 11    Int:  7 (10) God:
Gold:   110        SH:  0    Dex: 14      Spells: 4/5 levels left

rFire   . . .        Y - +1 sling
rCold   . . .        (no shield)
rNeg    + . .        f - +0 ring mail
rPois   .            (helmet restricted)
rElec   .            (no cloak)
rCorr   .            (no gloves)
SInv    .            i - +0 pair of boots
Will    +....        (no amulet)
Stlth   +            a - ring of positive energy
HPRegen 0.26/turn    d - ring of willpower
MPRegen 0.09/turn

%: no passive effects
@: no status effects
A: horns 2, retaliatory headbutt
a: no special abilities


You were on level 3 of the Dungeon.
You visited 1 branch of the dungeon, and saw 4 of its levels.

You collected 110 gold pieces.


Innate Abilities, Weirdness & Mutations

You have a pair of horns on your head.
You reflexively headbutt those who attack you in melee.


   Skills:
 + Level 2.1 Fighting
 - Level 5.0 Ranged Weapons
 - Level 1.4 Armour
 - Level 2.1 Dodging
 - Level 1.0 Spellcasting
 - Level 2.0 Hexes


You had 4 spell levels left.
You knew the following spells:

 Your Spells              Type           Power      Damage    Failure   Level
a - Slow                  Hex            12%        N/A       36%         1

Your spell library contained the following spells:

 Spells                   Type           Power      Damage    Failure   Level
 Inner Flame              Hex/Fire       1%         N/A       87%         3
 Portal Projectile        Hex/Tloc       2%         N/A       87%         3
 Cause Fear               Hex            1%         N/A       98%         4

Inventory:

Hand Weapons
 Y - a +1 sling (weapon)
Armour
 f - a +0 ring mail (worn)
 i - a +0 pair of boots (worn)
Jewellery
 a - a ring of positive energy (left hand)
 d - a ring of willpower (right hand)
Scrolls
 b - a scroll of identify
Potions
 c - a potion of brilliance {unknown}
 e - a potion of lignification {unknown}

Dungeon Overview and Level Annotations

Branches:
Dungeon (4/15)
 Temple: D:4-7

Altars:

Shops:
D:1 [


Message History

Done exploring.
Done exploring.
(D) Dungeon
Where to? (* - list waypoints, Enter - D:3, ? - help)
What level of the Dungeon? (default 1, ? - help)
There is a stone staircase leading down here.
You climb downwards.
You hear the sound of rushing water.
There is an entrance to a sewer on this level.
Hurry and find it before the portal rusts away!
The ogre shouts!
There is a stone staircase leading up here.
An ogre is nearby!
Waypoint 3 assigned to D:4.
2187 ||| PLANNING SEWER You shoot a sling bullet.
The sling bullet hits the ogre.
The ogre is lightly wounded.
The ogre hits you with a +0 giant club!
2188 ||| STAIRDANCE You climb upwards.
There is a stone staircase leading down here.
Enter note:
Enter note:
Enter note:
Enter note:
Enter note:
Enter note:
Enter note:
Enter note:
Enter note: You shoot a sling bullet.
The sling bullet hits the ogre!
The ogre is heavily wounded.
The ogre barely misses you.
You shoot a sling bullet. The sling bullet hits the ogre.
The ogre is heavily wounded.
The ogre hits you with a +0 giant club!
You shoot a sling bullet. The sling bullet hits the ogre.
The ogre is severely wounded.
The ogre hits you with a +0 giant club!!
Ouch! That really hurt!
You die...

#.###..# #.......##.# #.##...#
#......%##.#### #.##.#.#
#.............# #.##.#.#
####.########.## #......#
####<#.#####...#
#####.#####...##8#..7##..###
#........##.###..#8..##.....
#.#.#..#....O.#8.#P...#....#
######.#.#..#..#@###....._}#....#
.........#.....#..##P.#PP.8###..#
##.##..#.##.#.##..#...#...###.(..
##.##.......#....##8..#7..#.#...#
...##.##.......#......#####.#....
#####.##.#####.#......#####.....#
......##.# #.#.##.P.#7..###...#
########.# #.#.##...#8..###...#
########.# #.#.###P.#P...##....


You could see an ogre.

Vanquished Creatures
  An orc wizard (D:2)
  3 adders
  A worm (D:3)
  2 dart slugs (D:3)
  6 orcs
  4 ball pythons
  3 bats
  2 endoplasms
  2 giant cockroaches
  2 goblins (D:2)
  9 hobgoblins
  2 jackals (D:3)
  3 quokkas
  7 frilled lizards
  4 kobolds
  4 rats
55 creatures vanquished.

Notes
Turn   | Place    | Note
-------+----------+-------------------------------------------
     0 | D:1      | qw the Minotaur Hexslinger began the quest for the Orb.
     0 | D:1      | Reached XP level 1. HP: 16/16 MP: 1/1
     0 | D:1      | 0 ||| qw: Version: 0.3-a-52-g30416fa
     0 | D:1      | 0 ||| qw: Game counter: 6179
     0 | D:1      | 0 ||| qw: Melee chars always use a shield: true
     0 | D:1      | 0 ||| qw: God list: Okawaru
     0 | D:1      | 0 ||| qw: Allow faded altars: false
     0 | D:1      | 0 ||| qw: Do Orc after clearing Dungeon:15 true
     0 | D:1      | 0 ||| qw: Do second Lair branch before Depths: true
     0 | D:1      | 0 ||| qw: Lair rune preference: random
     0 | D:1      | 0 ||| qw: Goals: Normal
     0 | D:1      | 0 ||| PLANNING D:1-11
   159 | D:1      | Found Haliseuc's Antique Armour Shop.
   182 | D:1      | 182 ||| SHOPLISTING leather armour (48 gold, have 22).
   182 | D:1      | 182 ||| SHOPLISTING pair of boots (108 gold, have 22).
   182 | D:1      | 182 ||| SHOPLISTING pair of glowing boots (180 gold, have
                  | 22).
   182 | D:1      | 182 ||| SHOPLISTING ring mail (96 gold, have 22).
   213 | D:1      | Reached skill level 3 in Ranged Weapons
   213 | D:1      | Reached XP level 2. HP: 23/23 MP: 2/2
   615 | D:1      | 615 ||| UPGRADING to +0 ring mail.
   625 | D:1      | 625 ||| DROPPING +0 robe.
   626 | D:1      | 626 ||| READING scroll labelled TULEYZX ZORU.
   627 | D:1      | 627 ||| DROPPING scroll of poison.
   874 | D:2      | Reached XP level 3. HP: 29/29 MP: 3/3
  1033 | D:2      | Reached skill level 4 in Ranged Weapons
  1124 | D:2      | 1124 ||| UPGRADING to +0 pair of boots.
  1129 | D:2      | 1129 ||| UPGRADING to ring of positive energy.
  1130 | D:2      | 1130 ||| READING scroll labelled NEUMOOFFIS.
  1135 | D:2      | 1135 ||| READING scroll labelled GAUFYAGRYH.
  1136 | D:2      | 1136 ||| DRINKING 2 clear potions.
  1137 | D:2      | 1137 ||| DRINKING 2 fizzy clear potions.
  1138 | D:2      | 1138 ||| DROPPING potion of attraction.
  1283 | D:3      | Reached skill level 1 in Armour
  1286 | D:3      | Reached XP level 4. HP: 28/36 MP: 4/4
  1447 | D:3      | 1447 ||| DRINKING potion of curing.
  1447 | D:3      | 1447 ||| (to cure confusion)
  1449 | D:3      | 1449 ||| FLEEEEING.
  1450 | D:3      | 1450 ||| FLEEEEING.
  1451 | D:3      | 1451 ||| FLEEEEING.
  1453 | D:3      | 1453 ||| FLEEEEING.
  1453 | D:3      | HP: 9/36 [something/puff of flame (10)]
  1454 | D:3      | 1454 ||| FLEEEEING.
  1456 | D:3      | 1456 ||| FLEEEEING.
  1457 | D:3      | 1457 ||| FLEEEEING.
  1458 | D:3      | 1458 ||| FLEEEEING.
  1459 | D:3      | 1459 ||| FLEEEEING.
  1460 | D:3      | 1460 ||| FLEEEEING.
  1461 | D:3      | 1461 ||| FLEEEEING.
  1463 | D:3      | 1463 ||| FLEEEEING.
  1464 | D:3      | 1464 ||| FLEEEEING.
  1465 | D:3      | 1465 ||| FLEEEEING.
  1466 | D:3      | 1466 ||| FLEEEEING.
  1467 | D:3      | 1467 ||| FLEEEEING.
  1468 | D:3      | 1468 ||| FLEEEEING.
  1469 | D:3      | 1469 ||| FLEEEEING.
  1470 | D:3      | 1470 ||| FLEEEEING.
  1471 | D:3      | 1471 ||| FLEEEEING.
  1472 | D:3      | HP: 9/36 [something/puff of flame (5)]
  1476 | D:3      | HP: 4/36 [something (2)]
  1477 | D:3      | 1477 ||| FLEEEEING.
  1478 | D:3      | 1478 ||| STAIRDANCE
  1607 | D:2      | 1607 ||| UPGRADING to ring of willpower.
  1608 | D:2      | 1608 ||| READING scroll labelled RYN JAVUNNAEDO.
  1609 | D:2      | 1609 ||| DRINKING 2 dark potions.
  1610 | D:2      | 1610 ||| DROPPING potion of degeneration.
  1619 | D:3      | 1619 ||| STAIRDANCE
  1647 | D:3      | 1647 ||| STAIRDANCE
  1783 | D:3      | Found a faded altar of an unknown god.
  1857 | D:3      | Reached skill level 5 in Ranged Weapons
  2186 | D:4      | Noticed an ogre
  2187 | D:4      | 2187 ||| PLANNING SEWER
  2188 | D:4      | 2188 ||| STAIRDANCE
  2191 | D:3      | HP: 9/36 [ogre/+0 giant club (11)]
  2192 | D:3      | Mangled by an ogre

Levels and vault maps discovered:
D:1:      ncdulo_wetmaze, layout_loops_cross, serial_shops, shop
D:2:      layout_basic, minmay_tetromino_i2
D:3:      layout_loops_cross, chequers_ecumenical_altar_lobes,
          minmay_misc_feat_five
D:4:      layout_rooms, kennysheep_mini_moat, minmay_temple_entry_purple_smoke,
          cheibrodos_sewer_entry_bend, serial_shops, shop,
          minmay_strange_pillars, uniq_blork_the_orc

Skill      XL: |  1  2  3  4 |
---------------+-------------+-----
Ranged Weapons | 3 4 5 |  5.0
Fighting       | 2 |  2.1
Armour         | 1 |  1.4
Dodging        | |  2.1
Spellcasting   | |  1.0
Hexes          | |  2.0

Action                     |  1- 3 |  4- 6 || total
---------------------------+-------+-------++-------
   Fire: Sling             |    99 |    80 ||   179
    Use: Scroll            |     3 |     1 ||     4
         Potion            |     2 |     2 ||     4
 Armour: Ring mail         |    18 |    20 ||    38
  Dodge: Dodged            |    44 |    28 ||    72

Table legend:
 A = Non-vault XP
 B = Vault XP
 C = Vault XP percentage of total XP
 D = Non-vault monster count
 E = Vault monster count
 F = Vault count percentage of total count
                 A         B        C        D         E       F
            +---------+---------+-------+---------+---------+-------
      Total |     169 |       2 |   1.2 |      54 |       1 |   1.8
            +---------+---------+-------+---------+---------+-------
        D:1 |      18 |       0 |   0.0 |      11 |       0 |   0.0
        D:2 |      88 |       2 |   2.2 |      20 |       1 |   4.8
        D:3 |      63 |       0 |   0.0 |      23 |       0 |   0.0
            +---------+---------+-------+---------+---------+-------
